 Dungeon Crawl Stone Soup version 0.22.1-1-ga44c0e56f4 (webtiles) character file.

11879 Peloso the Carver (level 11, -4/99 HPs)
             Began as a Minotaur Fighter on Oct 18, 2018.
             Was a High Priest of Okawaru.
             Killed by divine providence
             ... invoked by an orc priest
              (12 damage)
             ... on level 2 of the Orcish Mines.
             The game lasted 00:28:04 (12434 turns).

Peloso the Carver (Minotaur Fighter)               Turns: 12434, Time: 00:28:05

Health: -4/99      AC: 17    Str: 28    XL:     11   Next: 55%
Magic:  10/10      EV: 10    Int:  5    God:    Okawaru [*****.]
Gold:   675        SH: 13    Dex: 11    Spells: 10/10 levels left

rFire    . . .     SeeInvis .   a - +1 falchion
rCold    . . .     Gourm    .   c - +0 shield
rNeg     . . .     Faith    .   B - +3 chain mail of Geatsoedd {Slay+6}
rPois    .         Spirit   .   (helmet restricted)
rElec    .         Reflect  .   s - +1 cloak {+Inv}
rCorr    .         Harm     .   (no gloves)
MR       +....                  (no boots)
Stlth    ..........             y - amulet of inaccuracy (curse)
HPRegen  0.26/turn              g - ring of protection from magic
MPRegen  0.12/turn              h - ring of flight

@: mighty, hasted, very quick
A: retaliatory headbutt, horns 2
a: Heroism, Finesse, Renounce Religion, Evoke Invisibility, Evoke Flight


You were on level 2 of the Orcish Mines.
You worshipped Okawaru.
Okawaru was extremely pleased with you.
You were very hungry.

You visited 3 branches of the dungeon, and saw 15 of its levels.

You collected 1001 gold pieces.
You spent 326 gold pieces at shops.

Inventory:

Hand Weapons
 a - a +1 falchion (weapon)
 F - a +1 hand axe of flaming
Armour
 b - a +0 chain mail
 c - a +0 shield (worn)
 e - the +8 chain mail "Ilet" {rF+ rC- rN++ Regen+}
   (You found it on level 9 of the Dungeon)

   It protects you from fire.
   It makes you vulnerable to cold.
   It greatly protects you from negative energy.
   It increases your rate of regeneration.
 s - a +1 cloak of invisibility (worn)
 B - the +3 chain mail of Geatsoedd (worn) {Slay+6}
   (You bought it in a shop on level 5 of the Dungeon)

   It affects your accuracy and damage with ranged weapons and melee attacks
   (+6).
Jewellery
 g - a ring of protection from magic (left hand)
 h - a ring of flight (right hand)
 p - an uncursed ring of ice
 u - a +2 amulet of reflection
 w - an uncursed ring of magical power
 x - an uncursed ring of stealth
 y - a cursed amulet of inaccuracy (around neck)
 J - an uncursed amulet of the gourmand
Wands
 m - a wand of polymorph (14)
 A - a wand of iceblast (11)
 C - a wand of flame (62)
 L - a wand of acid (3)
 O - a wand of clouds (7)
Scrolls
 k - 2 scrolls of teleportation
 o - a scroll of amnesia
 r - a scroll of fog
 D - a scroll of enchant weapon
 G - a scroll of blinking
 H - a scroll of remove curse
 I - 2 scrolls of identify
 K - a scroll of enchant armour
Potions
 d - 4 potions of might
 i - a potion of agility
 j - 2 potions of haste
 l - 3 potions of curing
 n - 3 potions of cancellation
 q - a potion of mutation
 t - a potion of berserk rage
 v - 4 potions of brilliance {unknown}
 z - a potion of heal wounds
 E - a potion of degeneration {unknown}
 M - a potion of lignification {unknown}
Comestibles
 f - 17 rations


   Skills:
 + Level 9.7 Fighting
 + Level 13.0 Long Blades
 + Level 9.9 Armour
 + Level 4.3 Dodging
 + Level 1.6 Stealth
 + Level 11.3 Shields
 + Level 0.2 Invocations
 + Level 0.6 Evocations


You had 10 spell levels left.
You didn't know any spells.
Your spell library contained the following spells:

 Spells                   Type           Power        Failure   Level  Hunger
 Animate Skeleton         Necr           N/A          98%         1    ##.....
 Apportation              Tloc           #.....       98%         1    ##.....
 Beastly Appendage        Tmut           #.....       98%         1    ##.....
 Confusing Touch          Hex            #.....       98%         1    ##.....
 Corona                   Hex            #......      98%         1    ##.....
 Pain                     Necr           #...         98%         1    ##.....
 Summon Small Mammal      Summ           #...         98%         1    ##.....
 Slow                     Hex            #.......     99%         2    ###....
 Sticks to Snakes         Tmut           #.......     99%         2    ###....
 Confuse                  Hex            #.......     100%        3    ####...
 Gell's Gravitas          Tloc           #.........   100%        3    ####...
 Inner Flame              Hex/Fire       #.......     100%        3    ####...
 Portal Projectile        Hex/Tloc       #.....       100%        3    ####...
 Regeneration             Chrm/Necr      #.........   100%        3    ####...
 Spider Form              Tmut/Pois      #.........   100%        3    ####...
 Vampiric Draining        Necr           #.........   100%        3    ####...
 Animate Dead             Necr           N/A          100%        4    #####..
 Cause Fear               Hex            #.........   100%        4    #####..
 Ice Form                 Ice/Tmut       #.......     100%        4    #####..
 Leda's Liquefaction      Hex/Erth       #.........   100%        4    #####..
 Petrify                  Tmut/Erth      #.......     100%        4    #####..
 Blade Hands              Tmut           #.........   100%        5    ######.
 Metabolic Englaciation   Hex/Ice        #.........   100%        5    ######.
 Yara's Violent Unravell  Hex/Tmut       #.........   100%        5    ######.


Dungeon Overview and Level Annotations

Branches:
Dungeon (12/15)            Temple (1/1) D:7            Lair (0/6) D:11
    Orc (2/2) D:12
    Elf: Orc:2

Altars:
Ashenzari
Cheibriados
Dithmenos
Elyvilon
Fedhas
Gozag
Hepliaklqana
Kikubaaqudgha
Makhleb
Nemelex Xobeh
Okawaru
Qazlal
Ru
Sif Muna
Trog
Uskayaw
Vehumet
Wu Jian
Xom
Yredelemnul
Zin
The Shining One
Beogh

Shops:
D:5 [   Orc:1 !


Innate Abilities, Weirdness & Mutations

You reflexively headbutt those who attack you in melee.
You have a pair of horns on your head.


Message History

You block the orc's attack. The orc wizard casts a spell at you.
The puff of frost hits you!
The orc priest hits you but does no damage.
The orc warrior hits you from afar with a halberd!
* * * LOW HITPOINT WARNING * * *
Items here: ( )) [ †† Unknown command.
You slash the orc!
You kill the orc!
Okawaru accepts your kill. Something hits you but does no damage.
You slash the orc priest! Your headbutt misses the orc priest.
The orc priest is severely wounded.
The orc priest mumbles some strange prayers to Beogh against you.
Beogh smites you!
* * * LOW HITPOINT WARNING * * *
The orc priest mumbles some strange prayers to Beogh against you.
Beogh smites you!
You die...

#........#.......
.....................
...................<...
....#.............##.....
.........................
.o.......................
o..O.oo......#.........
#.o#.o......#........
#..O@oo(.......##....
#..o$)#(.......#.....
#......##.##..........
##.....####.....#.....
#.....$. ##...##.....
#......## ##.####.#..
##.#...# ### ##...
####.## ##.# ###


You could see 2 orc warriors, 2 ogres, 3 orc priests, an orc wizard and 3 orcs.

Vanquished Creatures
  Erolcha (D:12)
  Harold (D:7)
  An ugly thing (D:11)
  A deep elf mage (D:12)
  A gargoyle (D:10)
  A komodo dragon (D:10)
  A troll (Orc:1)
  A polar bear (D:8)
  Prince Ribbit (D:7)
  A hornet (D:9)
  A hippogriff (D:9)
  A spriggan (D:9)
  A vampire (D:10)
  A wraith (D:11)
  11 yaks
  2 hungry ghosts
  A water moccasin (D:11)
  9 orc warriors
  Purgy (D:3)
  4 ice beasts
  A phantom (D:12)
  A black bear (D:11)
  3 ogres
  2 sky beasts
  2 wolves
  2 centaurs
  A crocodile (D:10)
  A big kobold (D:8)
  5 bullfrogs
  3 scorpions
  A water moccasin skeleton (D:8)
  A howler monkey (D:5)
  3 wights (D:12)
  3 electric eels (D:11)
  A crimson imp (D:5)
  2 bullfrog zombies
  2 centaur zombies
  12 hounds
  A jelly (D:6)
  17 orc priests
  19 orc wizards
  2 bullfrog skeletons
  A centaur skeleton (D:10)
  Natasha (D:2)
  An iguana (D:7)
  9 worker ants
  A centaur simulacrum (D:8)
  A hound zombie (D:5)
  A worker ant zombie (D:5)
  Robin (D:3)
  7 gnolls
  14 adders
  A hound simulacrum (D:8)
  2 shadow imps
  3 white imps (D:8)
  2 worker ant simulacra (D:8)
  4 ufetubi (D:8)
  5 oozes
  An adder skeleton (D:5)
  An adder zombie (D:6)
  5 worms
  6 dart slugs
  An adder simulacrum (D:8)
  2 leopard geckos
  80 orcs
  3 ball pythons
  7 bats
  3 giant cockroaches
  12 goblins
  12 hobgoblins
  13 jackals
  7 quokkas
  3 frilled lizards (D:1)
  16 kobolds
  A leopard gecko zombie (D:6)
  A quokka skeleton (D:4)
  A quokka zombie (D:8)
  9 rats
365 creatures vanquished.

Vanquished Creatures (collateral kills)
  3 orc warriors (Orc:2)
  An orc priest (Orc:2)
  6 orcs (Orc:2)
10 creatures vanquished.

Grand Total: 375 creatures vanquished

Notes
Turn   | Place    | Note
-------+----------+-------------------------------------------
     0 | D:1      | Peloso the Minotaur Fighter began the quest for the Orb.
     0 | D:1      | Reached XP level 1. HP: 19/19 MP: 0/0
   154 | D:1      | Reached XP level 2. HP: 27/27 MP: 1/1
   310 | D:1      | Reached XP level 3. HP: 31/33 MP: 2/2
   472 | D:1      | Reached skill level 3 in Long Blades
   617 | D:2      | Reached skill level 1 in Dodging
   617 | D:2      | Reached XP level 4. HP: 14/40 MP: 3/3
  1445 | D:2      | Reached skill level 4 in Long Blades
  1445 | D:2      | Reached XP level 5. HP: 19/46 MP: 4/4
  1641 | D:3      | Noticed Natasha
  1642 | D:3      | Noticed Robin
  1857 | D:2      | Killed Natasha
  1857 | D:2      | Reached skill level 5 in Shields
  1879 | D:3      | Killed Robin
  2115 | D:3      | Found a glowing golden altar of the Shining One.
  2116 | D:3      | Found a hide-covered altar of Uskayaw.
  2117 | D:3      | Found a white marble altar of Elyvilon.
  2260 | D:3      | Noticed Purgy
  2269 | D:3      | Killed Purgy
  2269 | D:3      | Reached skill level 5 in Armour
  2269 | D:3      | Reached XP level 6. HP: 44/53 MP: 5/5
  2513 | D:3      | Found a burning altar of Makhleb.
  2553 | D:3      | Noticed a green death
  2557 | D:3      | Noticed an orange demon
  2557 | D:3      | Noticed an orange demon
  2802 | D:4      | Reached skill level 5 in Long Blades
  2832 | D:4      | Reached skill level 1 in Stealth
  3269 | D:4      | Reached skill level 5 in Fighting
  3358 | D:5      | Entered Level 5 of the Dungeon
  3361 | D:5      | Reached XP level 7. HP: 61/61 MP: 6/6
  3406 | D:5      | Found a stormy altar of Qazlal.
  3408 | D:5      | Noticed a water elemental
  3419 | D:5      | Noticed a fire elemental
  3419 | D:5      | Noticed an air elemental
  3493 | D:5      | Found Kegiunet's Antique Armour Shop.
  3506 | D:5      | Reached skill level 6 in Long Blades
  3834 | D:5      | Reached skill level 7 in Long Blades
  3966 | D:5      | Reached XP level 8. HP: 51/70 MP: 7/7
  4191 | D:5      | Found a burning altar of Makhleb.
  4463 | D:6      | Reached skill level 8 in Long Blades
  5350 | D:5      | Bought a blackened chain mail for 256 gold pieces
  5363 | D:5      | Identified the +3 chain mail of Geatsoedd {Slay+6} (You
                  | bought it in a shop on level 5 of the Dungeon)
  5417 | D:7      | Noticed Prince Ribbit
  5545 | D:7      | Found a staircase to the Ecumenical Temple.
  5553 | Temple   | Entered the Ecumenical Temple
  5686 | Temple   | Became a worshipper of Warmaster Okawaru
  5804 | D:7      | Killed Prince Ribbit
  5804 | D:7      | Reached skill level 9 in Long Blades
  5825 | D:7      | Reached XP level 9. HP: 75/75 MP: 8/8
  5830 | D:7      | Noticed Harold
  5846 | D:7      | Killed Harold
  5846 | D:7      | Reached * piety under Okawaru
  5989 | D:7      | Found a deep blue altar of Sif Muna.
  6144 | D:8      | Reached ** piety under Okawaru
  6144 | D:8      | Reached skill level 10 in Long Blades
  6221 | D:8      | Found a roughly hewn altar of Beogh.
  6576 | D:8      | Noticed a polar bear
  6591 | D:8      | Killed a polar bear
  6675 | D:8      | Reached XP level 10. HP: 86/86 MP: 9/9
  7446 | D:9      | Found a hazy altar of Hepliaklqana.
  7511 | D:9      | Found a shadowy altar of Dithmenos.
  7732 | D:9      | Reached *** piety under Okawaru
  8122 | D:9      | Reached skill level 11 in Long Blades
  8256 | D:9      | Got a dazzling chain mail
  8267 | D:9      | Identified the +8 chain mail "Ilet" {rF+ rC- rN++ Regen+}
                  | (You found it on level 9 of the Dungeon)
  8304 | D:10     | Entered Level 10 of the Dungeon
  8321 | D:10     | Noticed a gargoyle
  8344 | D:10     | Killed a gargoyle
  8651 | D:10     | Reached skill level 10 in Shields
  9584 | D:10     | Reached **** piety under Okawaru
 10111 | D:11     | Reached skill level 12 in Long Blades
 10680 | D:11     | Noticed a brown ugly thing
 10707 | D:11     | Killed a brown ugly thing
 10707 | D:11     | Reached XP level 11. HP: 38/95 MP: 7/10
 11029 | D:11     | Found a staircase to the Lair.
 11602 | D:12     | Noticed a deep elf mage
 11609 | D:12     | Killed a deep elf mage
 11698 | D:12     | Found a staircase to the Orcish Mines.
 11721 | Orc:1    | Entered Level 1 of the Orcish Mines
 11748 | D:12     | Reached ***** piety under Okawaru
 11819 | Orc:1    | Noticed Erolcha
 11857 | D:12     | Killed Erolcha
 12038 | Orc:1    | Found Jopn's Distillery.
 12177 | Orc:1    | Bought a potion of heal wounds for 70 gold pieces
 12310 | Orc:2    | Entered Level 2 of the Orcish Mines
 12316 | Orc:2    | Reached skill level 13 in Long Blades
 12434 | Orc:2    | Killed from afar by an orc priest

Skill      XL: |  1  2  3  4  5  6  7  8  9 10 11 |
---------------+----------------------------------+-----
Armour         | 4 5 6 8 9 |  9.9
Fighting       | 4 5 6 7 8 9 |  9.7
Shields        | 4 5 6 7 9 10 11 | 11.3
Long Blades    | 3 4 5 7 9 10 12 13 | 13.0
Dodging        | 1 2 3 4 |  4.3
Stealth        | 1 |  1.6
Invocations    | |  0.2
Evocations     | |  0.6

Action                   |  1- 3 |  4- 6 |  7- 9 | 10-12 || total
-------------------------+-------+-------+-------+-------++-------
Melee: Long sword        |    84 |   186 |    17 |       ||   287
       Headbutt          |    17 |    42 |    98 |   113 ||   270
       Falchion          |       |       |   403 |   529 ||   932
Invok: Heroism           |       |       |       |     5 ||     5
Evoke: Wand              |       |       |       |     6 ||     6
  Use: Scroll            |       |       |    15 |     5 ||    20
       Potion            |       |       |     1 |     3 ||     4
  Eat: Chunk             |       |     8 |    11 |    14 ||    33
       Ration            |       |       |       |     2 ||     2
Armor: Scale mail        |    48 |    20 |       |       ||    68
       Chain mail        |       |    89 |   194 |   149 ||   432
Dodge: Dodged            |    26 |    50 |   100 |   120 ||   296
Block: Shield            |    52 |   122 |   218 |   282 ||   674
       Reflection        |       |       |     1 |       ||     1
       Rpst.: Long sword |     6 |    13 |     3 |       ||    22
       Falchion          |       |       |    21 |    31 ||    52
